 Dungeon Crawl Stone Soup version 0.26.1-11-gd32895ea62 (webtiles) character file.

Game seed: 12600871017317960306

133 infcreate the Digger (level 5, -5/30 HPs)
             Began as a Gargoyle Earth Elementalist on May 19, 2021.
             Was an Initiate of Gozag.
             Killed by nerve-wracking pain
             ... invoked by Grinder
              (7 damage)
             ... on level 3 of the Dungeon.
             The game lasted 00:13:10 (2484 turns).

infcreate the Digger (Gargoyle Earth Elementalist)  Turns: 2484, Time: 00:13:11

Health: -5/30      AC:  8    Str: 12    XL:     5   Next: 16%
Magic:  1/9        EV: 11    Int: 16    God:    Gozag
Gold:   211        SH:  0    Dex: 10    Spells: 3/9 levels left

rFire    . . .     SeeInvis .   a - +0 mace
rCold    . . .     Faith    .   (no shield)
rNeg     + . .     Spirit   .   e - +0 leather armour
rPois    ∞         Reflect  .   (no helmet)
rElec    +         Harm     .   (no cloak)
rCorr    .         Rampage  .   j - +0 pair of gloves
Will     .....                  (no boots)
Stlth    ++........             (no amulet)
HPRegen  0.10/turn              (no ring)
MPRegen  0.11/turn              (no ring)

@: no status effects
A: negative energy resistance 1, electricity resistance, unbreathing,
petrification resistance, miasma immunity, AC +4
a: Renounce Religion, Potion Petition, Call Merchant, Bribe Branch


You were on level 3 of the Dungeon.
You worshipped Gozag.
Gozag was aware of your devotion.
You visited 1 branch of the dungeon, and saw 3 of its levels.

You collected 227 gold pieces.
You paid 16 gold pieces to Gozag.


Innate Abilities, Weirdness & Mutations

You are resistant to torment.
Your stone body is resilient. (AC +4)
You are immune to poison.
You resist negative energy. (rN+)
You are resistant to electric shocks. (rElec)
You can survive without breathing.
You are immune to petrification.
You are immune to miasma.


   Skills:
 + Level 2.1 Fighting
 + Level 1.7 Maces & Flails
 + Level 2.0 Armour
 - Level 1.5 Dodging
 - Level 2.1 Stealth
 + Level 2.7 Spellcasting
 - Level 0.7 Transmutations
 + Level 4.4 Earth Magic


You had 3 spell levels left.
You knew the following spells:

 Your Spells              Type           Power        Failure   Level
a - Passwall              Tmut/Erth      8%           13%         2
w - Stone Arrow           Conj/Erth      18%          28%         3
z - Sandblast             Erth           32%          4%          1

Your spell library contained the following spells:

 Spells                   Type           Power        Failure   Level
 Petrify                  Tmut/Erth      10%          63%         4
 Lee's Rapid Deconstruct  Erth           8%           73%         5

Inventory:

Hand Weapons
 a - a +0 mace (weapon)
Missiles
 b - 92 stones
Armour
 e - a +0 leather armour (worn)
 j - a +0 pair of gloves (worn)
 o - a +0 helmet
Scrolls
 h - a scroll of amnesia {unknown}
 i - a scroll of identify {@r1}
 l - a scroll of fog {unknown}
 m - a scroll of blinking {unknown}
 n - a scroll of remove curse {unknown}
Potions
 c - a potion of haste {@q3}
 d - 2 potions of heal wounds {@q2}
 f - a potion of ambrosia {unknown}
 g - a potion of curing {unknown}
 k - 3 potions of mutation {unknown}

Dungeon Overview and Level Annotations

Branches:
Dungeon (3/15)

Altars:
Gozag

Annotations:
D:3 Grinder

#########'#+###...##...#..#
# #.# #...#....#..# #
#.#.###...#..#.#..# #
#.#.............).# #
#######'######.##.#..##.# #
#.........# #...#.#..##.#
#.........# #...#.#..##.#
#.........# #5..#.#..##.#
###.........# #.@.#.##..#.#
..'.........# #...........#
###.........# #..##.###.###
#......<..# #...#.# #..#
###.........# ##..#.# #..#
......#'#'### #..#.# #..#
.####.#.#.#########.# #..#
#.#.#...........###..###
#.#.##########.........#


You could see Grinder.


Message History

Casting: Sandblast (safe; 4% risk of failure)
Confirm with . or Enter, or press ? or * to list all spells.
Aiming: Sandblast (safe; 4% risk of failure)
Press: ? - help, Shift-Dir - straight line, f/p - Grinder
Aim: Grinder, carrying a wand of flame (4) (almost dead, 23% to evade)
The blast of sand hits Grinder.
Grinder is almost dead.
Grinder barely misses you.
You hit Grinder but do no damage.
Grinder is almost dead.
Grinder blinks!
Grinder zaps a wand.
The puff of flame hits you.
* * * LOW HITPOINT WARNING * * *
Grinder gestures at you. Pain shoots through your body!
* * * LOW HITPOINT WARNING * * *
Grinder zaps a wand.
The puff of flame hits you.
* * * LOW HITPOINT WARNING * * *
You barely miss Grinder.
Grinder is almost dead.
Grinder gestures at you. Pain shoots through your body!
* * * LOW HITPOINT WARNING * * *
You closely miss Grinder.
Grinder is almost dead.
Grinder zaps a wand.
The puff of flame misses you. Grinder gestures at you.
Pain shoots through your body!
You die...
Your body crumbles into a pile of gold.

Skill      XL: |  1  2  3  4  5 |
---------------+----------------+-----
Fighting       | 1 2 |  2.1
Armour         | 1 2 |  2.0
Earth Magic    | 4 |  4.4
Maces & Flails | 1 |  1.7
Dodging        | |  1.5
Stealth        | |  2.1
Spellcasting   | |  2.7
Transmutations | |  0.7

Action                   |  1- 3 |  4- 6 || total
-------------------------+-------+-------++-------
Melee: Hand axe          |     7 |       ||     7
       Whip              |    17 |       ||    17
       Mace              |    44 |    48 ||    92
 Cast: Sandblast         |    16 |    22 ||    38
  Use: Scroll            |       |     4 ||     4
       Potion            |       |     1 ||     1
 Stab: Sleeping          |     4 |       ||     4
Armor: Robe              |    18 |       ||    18
       Leather armour    |     8 |    31 ||    39
Dodge: Dodged            |    50 |    28 ||    78

Levels and vault maps discovered:
D:1:      co_arrival_two_rings, layout_loops_ring, minmay_tripent
D:2:      layout_loops_ring, nicolae_gozag_cash_rules_everything_around_me
D:3:      layout_basic, uniq_grinder

Notes
Turn   | Place    | Note
-------+----------+-------------------------------------------
     0 | D:1      | infcreate the Gargoyle Earth Elementalist began the quest
                  | for the Orb.
     0 | D:1      | Reached XP level 1. HP: 10/10 MP: 3/3
   119 | D:1      | Reached XP level 2. HP: 9/16 MP: 0/5
   551 | D:1      | Learned a level 2 spell: Passwall
   679 | D:1      | Reached skill level 1 in Fighting
   679 | D:1      | Reached skill level 1 in Armour
   727 | D:1      | Reached XP level 3. HP: 20/20 MP: 6/6
   936 | D:1      | Reached skill level 4 in Earth Magic
   987 | D:2      | Reached skill level 1 in Maces & Flails
  1008 | D:2      | Learned a level 3 spell: Stone Arrow
  1173 | D:2      | Found an opulent altar of Gozag.
  1727 | D:2      | Became a worshipper of Gozag Ym Sagoz the Greedy
  1806 | D:3      | Reached XP level 4. HP: 25/25 MP: 4/7
  1994 | D:3      | Reached skill level 2 in Fighting
  1994 | D:3      | Reached XP level 5. HP: 14/30 MP: 3/8
  2262 | D:3      | Noticed an ogre
  2420 | D:3      | Reached skill level 2 in Armour
  2428 | D:3      | Noticed Grinder
  2433 | D:3      | Paralysed by Grinder for 3 turns
  2442 | D:3      | HP: 2/30 [Grinder/nerve-wracking pain (5)]
  2464 | D:3      | Paralysed by Grinder for 4 turns
  2482 | D:3      | HP: 3/30 [Grinder/puff of flame (5)]
  2484 | D:3      | Killed from afar by Grinder

Vanquished Creatures
  An orc wizard (D:3)
  A worker ant (D:3)
  2 adders
  An ooze (D:3)
  2 worms
  2 dart slugs
  2 leopard geckos
  3 orcs (D:3)
  4 bats
  8 goblins
  3 hobgoblins
  2 quokkas (D:3)
  3 ball pythons
  7 frilled lizards
  5 kobolds
  5 rats
51 creatures vanquished.

Table legend: (Time is in decaauts)
 A = Elapsed time spent in this place.
 B = Non-inter-level travel time spent in this place.
 C = Inter-level travel time spent in this place.
 D = Time resting spent in this place.
 E = Time spent auto-exploring this place.
 F = Levels seen in this place.
 G = Mean time per level.
                   A        B        C        D        E       F      G
               +--------+--------+--------+--------+--------+-----+--------+
         Total |   2516 |   2225 |    291 |    514 |      0 |   3 |  838.7 |
       Dungeon |   2516 |   2225 |    291 |    514 |      0 |   3 |  838.7 |
               +--------+--------+--------+--------+--------+-----+--------+

Top non-repeatable levels by time:
     D:1: 987 daAuts
     D:2: 784 daAuts
     D:3: 744 daAuts

Table legend:
 A = Non-vault XP
 B = Vault XP
 C = Vault XP percentage of total XP
 D = Non-vault monster count
 E = Vault monster count
 F = Vault count percentage of total count
                 A         B        C        D         E       F
            +---------+---------+-------+---------+---------+-------
      Total |     186 |       5 |   2.6 |      49 |       2 |   3.9
            +---------+---------+-------+---------+---------+-------
        D:1 |      33 |       5 |  13.2 |      20 |       2 |   9.1
        D:2 |      28 |       0 |   0.0 |       7 |       0 |   0.0
        D:3 |     125 |       0 |   0.0 |      22 |       0 |   0.0
            +---------+---------+-------+---------+---------+-------
